 Dungeon Crawl Stone Soup version 0.29.1-2-gbd0b4ee654 (webtiles) character file.

Game seed: 3445194952133952508

29 jamestheduck25 the Magician (level 3, -2/25 HPs)
             Began as a Djinni Fire Elementalist on Nov 14, 2022.
             Slain by a jackal (3 damage)
             ... on level 2 of the Dungeon.
             The game lasted 00:04:16 (1310 turns).

jamestheduck25 the Magician (DjFE)                  Turns: 1310, Time: 00:04:16

Health: -2/25      AC:  2    Str:  7    XL:     3   Next: 32%
Gold:   11         EV: 12    Int: 18    God:
                   SH:  0    Dex: 13

rFire   + + .      SeeInvis .   (no weapon)
rCold   x . .      Faith    .   (no shield)
rNeg    . . .      Spirit   .   a - +0 robe
rPois   ∞          Reflect  .   (no helmet)
rElec   .          Harm     .   (no cloak)
rCorr   .          Rampage  .   (no gloves)
Will    .....                   (boots unavailable)
Stlth   ++........              (no amulet)
HPRegen 0.08/turn               (no ring)
MPRegen 0.00/turn               (no ring)

@: flying
A: sickness immunity, fire resistance 2, cold vulnerability 1, float, innate
caster, HP casting, extra vitality 1
a: no special abilities


You were on level 2 of the Dungeon.
You visited 1 branch of the dungeon, and saw 2 of its levels.

You collected 11 gold pieces.

Inventory:

Armour
 a - a +0 robe (worn)
Scrolls
 b - a scroll of fear {unknown}
 c - a scroll of torment {unknown}
 e - a scroll of identify {unknown}
Potions
 d - a potion of might {unknown}


   Skills:
 + Level 2.3 Dodging
 + Level 1.7 Stealth
 + Level 3.2 Spellcasting


You couldn't memorise any spells.
You knew the following spells:

 Your Spells              Type           Power      Damage    Failure   Level
a - Foxfire               Conj/Fire      56%        2x1d6     4%          1
b - Scorch                Fire           28%        2d6       6%          2
c - Conjure Flame         Conj/Fire      14%        6-21      13%         3
d - Inner Flame           Hex/Fire       14%        N/A       13%         3
e - Flame Wave            Conj/Fire      14%        2d6       38%         4
f - Magic Dart            Conj           56%        1d5       4%          1
Your spell library was empty.

Dungeon Overview and Level Annotations

Branches:
Dungeon (2/15)

Altars:

Shops:
D:2 (


Innate Abilities, Weirdness & Mutations

You are immune to sickness and miasma.
You are immune to poison.
Your flesh is very heat resistant. (rF++)
You are vulnerable to cold. (rC-)
You float through the air rather than walking.
You learn spells naturally, not from books.
Your magical power is your life essence.
You have superior vitality. (+4 MHP)


Message History

* * * LOW HITPOINT WARNING * * *
The jackal attacks as you move away! The jackal barely misses you.
The jackal completely misses you.
The jackal barks!
The jackal closely misses you. The jackal attacks as you move away!
The jackal barely misses you. The jackal closely misses you.
You are too injured to fight recklessly!
The jackal bites you.
* * * LOW HITPOINT WARNING * * *
The jackal closely misses you.
Casting: Foxfire (safe; 4% risk of failure)
Press: ? - help, Q - select action, (/) - cycle Dir - look around, f - activate You conjure some foxfire!
* * * LOW HITPOINT WARNING * * *
The jackal bites you but does no damage.
The jackal bites you.
* * * LOW HITPOINT WARNING * * *
A jackal comes into view.
Casting: Foxfire (safe; 4% risk of failure)
Press: ? - help, Q - select action, (/) - cycle Dir - look around, f - activate You conjure some foxfire!
* * * LOW HITPOINT WARNING * * *
The foxfire hits the jackal.
The jackal is moderately wounded.
The foxfire hits the jackal.
The jackal is almost dead.
The jackal closely misses you.
Unknown command.
Casting: Foxfire (safe; 4% risk of failure)
Press: ? - help, Q - select action, (/) - cycle Dir - look around, f - activate You conjure some foxfire!
* * * LOW HITPOINT WARNING * * *
The foxfire hits the jackal.
You kill the jackal!
The foxfire hits the jackal.
The jackal is heavily wounded.
The jackal bites you but does no damage.
The jackal bites you.
You die...

...##......∩......# #
..#.....#..##.......#>#
..#.. #<#..##..........
.....##...†...........#
#......†.†.#.........#
#..........?.#.##..#.#
##.................##.#
...........!.vv....#
##..##......h@.##..#
#.# #......h†....... #.
#./.............. #
#..........###...
#..........# #
#.....?..h....
.!..###.....##.. ....
#..#.## #. ..## ....#


You could see 3 jackals.

Vanquished Creatures
  An adder (D:2)
  A dart slug (D:1)
  3 endoplasms (D:1)
  A giant cockroach (D:2)
  A hobgoblin (D:1)
  A jackal (D:2)
  2 quokkas
  A ball python (D:1)
  A frilled lizard (D:1)
  A goblin (D:1)
  3 kobolds (D:1)
  4 rats
20 creatures vanquished.

Vanquished Creatures (others)
  94 foxfires
94 creatures vanquished.

Grand Total: 114 creatures vanquished

Notes
Turn   | Place    | Note
-------+----------+-------------------------------------------
     0 | D:1      | jamestheduck25 the Djinni Fire Elementalist began the quest
                  | for the Orb.
     0 | D:1      | jamestheduck25 set off with the following spells memorised:
                  | Foxfire, Scorch, Conjure Flame, Inner Flame, Flame Wave.
     0 | D:1      | Reached XP level 1. HP: 15/15 MP: 0/0
   537 | D:1      | Reached XP level 2. HP: 20/21 MP: 0/0
  1244 | D:1      | You are sucked into a shaft and drop 1 floor!
  1245 | D:2      | Found Maic's Antique Weapon Shoppe.
  1252 | D:2      | Reached skill level 3 in Spellcasting
  1252 | D:2      | Reached XP level 3. HP: 16/25 MP: 0/0
  1252 | D:2      | Learned a level 1 spell: Magic Dart
  1310 | D:2      | Slain by a jackal

Illustrated notes

Levels and vault maps discovered:
D:1:      mushboom_english_gardens, layout_loops_ring,
          shapermc_ecumenical_altar_acropolis, minmay_shallow_snake_nest
D:2:      layout_rooms, basic_altar, serial_shops, shop

Skill      XL: |  1  2 |
---------------+-------+-----
Spellcasting   | 3 |  3.2
Dodging        | |  2.3
Stealth        | |  1.7

Action                   || total
-------------------------++-------
Melee: Unarmed           ||     6
 Cast: Foxfire           ||    62
Armor: Robe              ||     7
Dodge: Dodged            ||    28
